 Dungeon Crawl Stone Soup version 0.29-a0-824-gd827844252 (webtiles) character file.

Game seed: 17210481137595570863

2 plaps the Grave Robber (level 1, -39/13 HPs)
             Began as a Mummy Necromancer on July 9, 2022.
             Killed by an exploding frilled lizard (49 damage)
             ... ignited by their inner flame
             ... on level 1 of the Dungeon.
             The game lasted 00:05:40 (99 turns).

plaps the Grave Robber (Mummy Necromancer)            Turns: 99, Time: 00:05:40

Health: -39/13     AC:  2    Str: 11    XL:     1   Next: 25%
Magic:  4/4        EV: 12    Int: 14    God:
Gold:   17         SH:  0    Dex: 12    Spells: 4/5 levels left

rFire   x . .      SeeInvis .   b - +0 rapier
rCold   + . .      Faith    .   (no shield)
rNeg    + + +      Spirit   .   a - +0 robe
rPois   ∞          Reflect  .   (no helmet)
rElec   .          Harm     .   (no cloak)
rCorr   .          Rampage  .   (no gloves)
Will    .....                   (no boots)
Stlth   ++........              (no amulet)
HPRegen 0.04/turn               (no ring)
MPRegen 0.09/turn               (no ring)

@: no status effects
A: cold resistance 1, negative energy resistance 3, torment resistance 2, heat
vulnerability 1, no potions
a: no special abilities


You were on level 1 of the Dungeon.
You visited 1 branch of the dungeon, and saw 1 of its levels.

You collected 17 gold pieces.

Inventory:

Hand Weapons
 b - a +0 rapier (weapon)
 c - a +0 dagger
Missiles
 d - 4 stones
Armour
 a - a +0 robe (worn)


   Skills:
 + Level 1.7 Dodging
 + Level 1.5 Stealth
 + Level 2.6 Spellcasting
 + Level 4.0 Necromancy


You had 4 spell levels left.
You knew the following spells:

 Your Spells              Type           Power      Damage    Failure   Level
a - Necrotise             Necr           52%        1d6       4%          1

Your spell library contained the following spells:

 Spells                   Type           Power      Damage    Failure   Level
 Vampiric Draining        Necr           13%        2d6       13%         3
 Slow                     Hex            4%         N/A       22%         1
 Animate Dead             Necr           13%        N/A       38%         4
 Confusing Touch          Hex            1%         N/A       54%         3
 Agony                    Necr           13%        N/A       75%         5


Dungeon Overview and Level Annotations

Branches:
Dungeon (1/15)

Altars:


Innate Abilities, Weirdness & Mutations

You are immune to poison.
Your flesh is cold resistant. (rC+)
You are immune to negative energy. (rN+++)
You are immune to unholy pain and torment.
You are vulnerable to heat. (rF-)
You do not drink.


Message History

a +0 dagger; 4 stones; a kobold corpse
Things that are here:
a +0 dagger; 4 stones; a kobold corpse
c - a +0 dagger;
d - 4 stones
Found a scroll labelled BEOHUK TOCSIO.
e - a scroll labelled KEOWOEFYTA
f - a scroll labelled BEOHUK TOCSIO
As you read the scroll labelled KEOWOEFYTA, it crumbles to dust.
It is a scroll of identify.
Really abort (and waste the scroll)? [Y]es or [N]o only, please.
Really abort (and waste the scroll)? [Y]es or [N]o only, please.
Really abort (and waste the scroll)? [Y]es or [N]o only, please.
Really abort (and waste the scroll)?
f - a scroll of immolation Unknown command.
Unknown command.
Really read the scroll of immolation?
You can't even see any enemies this would affect.
Okay, then.
A frilled lizard comes into view.
Really read the scroll of immolation?
Okay, then.
A frilled lizard is nearby!
Unknown command.
Really read the scroll of immolation? [Y]es or [N]o only, please.
Really read the scroll of immolation?
As you read the scroll of immolation, it crumbles to dust.
The creatures around you are filled with an inner flame!
The frilled lizard barely misses you.
You barely miss the frilled lizard. The frilled lizard bites you.
The frilled lizard bites you but does no damage.
You barely miss the frilled lizard. The frilled lizard misses you.
You hit the frilled lizard.
The frilled lizard explodes!
The fiery explosion engulfs you!!! The fire burns you terribly!
Ouch! That really hurt!
You die...

......##.# ##..#g#..
##.##.... #...#####
........#
####....##..
#.....####.......##..
#......#.####†..###
#............#....#
#......#####.......
##..............>...
#..@§§...#####.##...
###§§....# .......#
..§§.......##.#...#
#####...##..#.....##
#......#........
#.............. #....
........ #...


There were no monsters in sight!

Vanquished Creatures
  An endoplasm (D:1)
  A frilled lizard (D:1)
  A kobold (D:1)
3 creatures vanquished.

Notes
Turn   | Place    | Note
-------+----------+-------------------------------------------
     0 | D:1      | plaps the Mummy Necromancer began the quest for the Orb.
     0 | D:1      | Reached XP level 1. HP: 13/13 MP: 4/4
    99 | D:1      | Killed by an exploding frilled lizard... ignited by their
                  | inner flame

Illustrated notes

Levels and vault maps discovered:
D:1:      lordsloth_arrival_two_stooges, layout_rooms, minmay_hexomino_f4

Action                   || total
-------------------------++-------
Melee: Rapier            ||    10
       Unarmed           ||     4
 Cast: Necrotise         ||     1
  Use: Scroll            ||     2
Armor: Robe              ||     4
Dodge: Dodged            ||     9

Table legend: (Time is in decaauts)
 A = Elapsed time spent in this place.
 B = Non-inter-level travel time spent in this place.
 C = Inter-level travel time spent in this place.
 D = Time resting spent in this place.
 E = Time spent auto-exploring this place.
 F = Levels seen in this place.
 G = Mean time per level.
                   A        B        C        D        E       F      G
               +--------+--------+--------+--------+--------+-----+--------+
         Total |    100 |    100 |      0 |      0 |      0 |   1 |  100.0 |
       Dungeon |    100 |    100 |      0 |      0 |      0 |   1 |  100.0 |
               +--------+--------+--------+--------+--------+-----+--------+

Top non-repeatable levels by time:
     D:1: 100 daAuts
